 Dungeon Crawl Stone Soup version 0.26-a0-651-gb41185065b (webtiles) character file.

Game seed: 7559083530599466979

126 Lanoc the Cudgeler (level 4, -6/40 HPs)
             Began as a Draconian Chaos Knight on Oct 12, 2020.
             Was a Plaything of Xom.
             Mangled by a sixfirhy (10 damage)
             ... summoned by Xom
             ... on level 3 of the Dungeon.
             The game lasted 00:01:38 (1120 turns).

Lanoc the Cudgeler (Draconian Chaos Knight)         Turns: 1120, Time: 00:01:39

Health: -6/40      AC:  5    Str: 14    XL:     4   Next: 84%
Magic:  4/4        EV: 13    Int: 12    God:    Xom [......]
Gold:   78         SH:  0    Dex: 12    Spells: 3/3 levels left

rFire    . . .     SeeInvis .   a - +0 mace (chaos)
rCold    . . .     Faith    .   (no shield)
rNeg     . . .     Spirit   .   (armour unavailable)
rPois    .         Reflect  .   (helmet restricted)
rElec    .         Harm     .   (no cloak)
rCorr    .         Rampage  .   (no gloves)
MR       .....                  (no boots)
Stlth    +.........             (no amulet)
HPRegen  0.13/turn              (no ring)
MPRegen  0.09/turn              (no ring)

@: no status effects
A: unfitting armour, cold-blooded, AC +5
a: Renounce Religion


You were on level 3 of the Dungeon.
You worshipped Xom.
You were a very special plaything of Xom.
You visited 1 branch of the dungeon, and saw 3 of its levels.

You collected 78 gold pieces.

Inventory:

Hand Weapons
 a - a +0 mace of chaos (weapon)
Scrolls
 b - a scroll of identify {unknown}
 f - a scroll of fear {unknown}
Potions
 c - a potion of might {unknown}
 d - a potion of degeneration {unknown}
 e - a potion of cancellation {unknown}
 g - a potion of stabbing {unknown}


   Skills:
 + Level 4.1 Fighting
 * Level 4.5 Maces & Flails
 + Level 3.0 Dodging


You had 3 spell levels left.
You didn't know any spells.
Your spell library contained the following spells:

 Spells                   Type           Power        Failure   Level
 Animate Skeleton         Necr           #.....       32%         1
 Apportation              Tloc           #.....       32%         1
 Corona                   Hex            #......      32%         1
 Summon Small Mammal      Summ           #...         32%         1


Dungeon Overview and Level Annotations

Branches:
Dungeon (3/15)

Altars:
Fedhas

Annotations:
D:3 Natasha


Innate Abilities, Weirdness & Mutations

Your plain brown scales are hard. (AC +5)
You cannot fit into any form of body armour.
You are cold-blooded and may be slowed by cold attacks.


Message History

Natasha stares at you and mumbles some strange words.
The magic dart hits you!
You closely miss Natasha.
You tail-slap Natasha, but do no damage.
Natasha is moderately wounded.
Natasha drinks a potion.
Natasha seems to speed up.
You hit Natasha.
Your tail-slap misses Natasha.
Natasha is heavily wounded.
You hear Xom's maniacal laughter.
Natasha stares at you and mumbles some strange words.
The magic dart hits you.
Natasha casts a spell.
You miss Natasha.
Your tail-slap misses Natasha.
Natasha is heavily wounded.
The sixfirhy closely misses you. The sixfirhy misses you.
The sixfirhy hits you!
* * * LOW HITPOINT WARNING * * *
The sixfirhy shocks you!
You die...
Xom giggles madly!

#...# #.#.##.#...#
#...### #.#... #...#
#.....####.#.####.#[#
#.................#..
##'#..####.########..
#....# #...........
####5# #.#########.
#########h# ### #.
........@.# ..
......5535# #.#
..........# .(.
..........#
...........
..........##
...........
..(.......##


You could see a sixfirhy (summoned), Natasha (fast), a crimson imp (summoned), 2
white imps and a shadow imp (summoned).

Vanquished Creatures
  An orc wizard (D:2)
  Natasha (D:3)
  3 adders
  An ooze (D:2)
  A leopard gecko (D:3)
  5 orcs
  A ball python (D:2)
  A giant cockroach (D:3)
  4 hobgoblins
  3 jackals (D:2)
  3 kobolds
  A quokka (D:2)
  3 bats
  5 goblins
  3 rats
36 creatures vanquished.

Vanquished Creatures (others)
  A plant (D:3)
1 creature vanquished.

Grand Total: 37 creatures vanquished

Notes
Turn   | Place    | Note
-------+----------+-------------------------------------------
     0 | D:1      | Lanoc the Draconian Chaos Knight began the quest for the
                  | Orb.
     0 | D:1      | Reached XP level 1. HP: 19/19 MP: 1/1
   107 | D:2      | XOM: silly message
   117 | D:1      | Reached XP level 2. HP: 19/26 MP: 2/2
   421 | D:3      | Found a blossoming altar of Fedhas.
   428 | D:3      | XOM: silly message
   738 | D:2      | Reached XP level 3. HP: 31/33 MP: 3/3
   882 | D:2      | XOM: smoke on damage
   891 | D:2      | Reached XP level 4. HP: 33/40 MP: 4/4
   980 | D:3      | XOM: stat loss: -1 Dex (11/12)
  1036 | D:3      | Noticed Natasha
  1046 | D:3      | Killed Natasha
  1109 | D:3      | Noticed Natasha
  1119 | D:3      | XOM: summons 3 hostile demons
  1120 | D:3      | Noticed a sixfirhy
  1120 | D:3      | Mangled by a sixfirhy

Illustrated notes

Levels and vault maps discovered:
D:1:      sevenhm_arrival_forest_fort_small_5, layout_rooms,
          serial_bayou_crossing
D:2:      layout_basic
D:3:      layout_basic, fedhas_ov_isle_minmay, uniq_natasha, uniq_ijyb

Skill      XL: |  1  2  3  4 |
---------------+-------------+-----
Maces & Flails | 4 |  4.5
Fighting       | 4 |  4.1
Dodging        | 3 |  3.0

Action                   |  1- 3 |  4- 6 || total
-------------------------+-------+-------++-------
Melee: Mace              |    57 |    36 ||    93
       Tailslap          |     4 |     3 ||     7
 Stab: Sleeping          |     1 |       ||     1
Armor: Skin              |    26 |     7 ||    33
Dodge: Dodged            |    56 |    16 ||    72

Table legend: (Time is in decaauts)
 A = Elapsed time spent in this place.
 B = Non-inter-level travel time spent in this place.
 C = Inter-level travel time spent in this place.
 D = Time resting spent in this place.
 E = Time spent auto-exploring this place.
 F = Levels seen in this place.
 G = Mean time per level.
                   A        B        C        D        E       F      G
               +--------+--------+--------+--------+--------+-----+--------+
         Total |   1143 |   1135 |      8 |    141 |    767 |   3 |  381.0 |
       Dungeon |   1143 |   1135 |      8 |    141 |    767 |   3 |  381.0 |
               +--------+--------+--------+--------+--------+-----+--------+

Top non-repeatable levels by time:
     D:2: 684 daAuts
     D:3: 238 daAuts
     D:1: 220 daAuts
